 Dungeon Crawl Stone Soup version 0.28-a0-1389-gc726bef33b (webtiles) character file.

Game seed: 14197259809272635402

645827 wakim the Sorcerer (level 27, -23/206 (220) HPs)
             Began as a Djinni Fire Elementalist on Jan 2, 2022.
             Was the Champion of Ashenzari.
             Annihilated by Rucudata the pandemonium lord (28 damage)
             ... in Pandemonium on Jan 3, 2022.
             The game lasted 05:10:24 (80249 turns).

wakim the Sorcerer (Djinni Fire Elementalist)      Turns: 80249, Time: 05:10:24

HP:   -23/206 (220) AC: 27    Str: 13    XL:     27
Gold: 8799          EV: 44    Int: 34    God:    Ashenzari [******] SH:  0 Dex: 22

rFire   + . .      SeeInvis +     - Unarmed
rCold   + + .      Faith    .   (shield currently unavailable)
rNeg    . . .      Spirit   .   (armour currently unavailable)
rPois   ∞          Reflect  .   (helmet currently unavailable)
rElec   +          Harm     .   (cloak currently unavailable)
rCorr   .          Rampage  .   (gloves currently unavailable)
Will    ++...      Clarity  +   (boots unavailable)
Stlth   +++.......              K - amulet of the Air {Inacc Air Fly rElec RMsl, Self, Fort} (curse)
HPRegen 0.44/turn               h - ring "Gaze Upon Infinity" {rF+ rC+ Str+4 Int+5 Dex+6, Self, Fort} (curse)
MPRegen 0.00/turn               Q - ring of Cremastomancy {rC+ AC+4 Str+4, Cun, Melee} (curse)

@: storm-form, weakened, blinkbolt cooldown, flying, studying Polearms, drained,
repel missiles, unable to read
A: cleaving, flying, sickness immunity, (fire resistance 2), (cold vulnerability
1), float, innate caster, hp casting, extra vitality 1, berserk 1, screaming 1,
weak 1, no potion heal 1, subdued magic 2, inability to read while threatened
}: 5/15 runes: decaying, slimy, silver, abyssal, gossamer
a: Blinkbolt, End Transformation, Renounce Religion, Shatter the Chains


You were in Pandemonium.
You worshipped Ashenzari.
Ashenzari was exalted by your worship.
You were a lightning-filled tempest!
You visited 11 branches of the dungeon, and saw 52 of its levels.
You visited Pandemonium 1 time, and saw 1 of its levels.
You visited the Abyss 3 times.
You visited 1 bazaar.
You also visited: Trove, Bailey, Ice Cave and Desolation.

You collected 12027 gold pieces.
You spent 3228 gold pieces at shops.

Inventory:

Hand Weapons
 a - the cursed +9 short sword of Ashenzari's Bitterness (melded) {holy, rCorr Int+5 Dex-5, Self, Melee}
   (You found it on level 10 of the Dungeon)

   It has been blessed by the Shining One to cause great damage to the undead
   and demons.
   Int:       It affects your intelligence (+5).
   Dex:       It affects your dexterity (-5).
   rCorr:     It protects you from acid and corrosion.
   It has a curse which improves the following skills: Introspection: Fighting
   and Spellcasting.
   Melee Combat: Short Blades, Long Blades, Axes, Maces & Flails, Polearms,
   Staves and Unarmed Combat.
 g - the +12 scimitar of Righteous Fury {spect, rElec rC+}
   (You took it off a vault warden on level 5 of the Vaults)

   When its wielder attacks, the weapon's spirit leaps out and strikes again.
   The spirit shares a part of any damage it takes with its wielder.
   rC:        It protects you from cold.
   rElec:     It insulates you from electricity.
Missiles
 L - 2 throwing nets {=f!f}
Armour
 i - the cursed scarf "Shattered With Me" (melded) {rC+ rF+, Fort, Range}
   (You found it on level 5 of the Dungeon)

   It has a curse which improves the following skills: Fortitude: Armour and
   Shields.
   Ranged Combat: Slings, Bows, Crossbows and Throwing.
 r - the cursed +0 buckler "Share My Bad Feelings" (melded) {rC+ Regen+ Int+2 Dex-4, Fort, Self}
   (You found it on level 6 of the Lair of Beasts)

   Int:       It affects your intelligence (+2).
   Dex:       It affects your dexterity (-4).
   rC:        It protects you from cold.
   Regen:     It increases your rate of health regeneration.
   It has a curse which improves the following skills: Fortitude: Armour and
   Shields.
   Introspection: Fighting and Spellcasting.
 s - the cursed +8 plate armour "Bound Together" (melded) {rElec, Melee, Fort}
   (You found it in a treasure trove)

   rElec:     It insulates you from electricity.
   It has a curse which improves the following skills: Melee Combat: Short
   Blades, Long Blades, Axes, Maces & Flails, Polearms, Staves and Unarmed
   Combat.
   Fortitude: Armour and Shields.
 u - the cursed +2 hat of Ashenzari's Augurer (melded) {rElec rF++ rC- Will+, Fort, Evo}
   (You found it in a treasure trove)

   rF:        It greatly protects you from fire.
   rC:        It makes you vulnerable to cold.
   rElec:     It insulates you from electricity.
   Will:      It increases your willpower.
   It has a curse which improves the following skills: Fortitude: Armour and
   Shields.
   Evocations: Evocations.
 M - the cursed +2 pair of gloves "Share My Doubts" (melded) {Str+3, Fort, Self}
   (You found it on level 5 of the Vaults)

   It has a curse which improves the following skills: Fortitude: Armour and
   Shields.
   Introspection: Fighting and Spellcasting.
Jewellery
 d - the amulet "Viza Uni" {+Inv Regen+}
   (You found it on level 3 of the Crypt)

   [amulet of regeneration]

   +Inv:      It lets you turn invisible.
   Regen:     It increases your rate of health regeneration.
 e - the amulet of Osukiodd {Reflect rPois Str+3 Int+4 SH+5}
   (You took it off a deep elf elementalist on level 3 of the Elven Halls)

   [amulet of reflection]

   It reflects blocked missile attacks.
   Str:       It affects your strength (+3).
   Int:       It affects your intelligence (+4).
   rPois:     It protects you from poison.
   SH:        It affects your SH (+5).
 h - the cursed ring "Gaze Upon Infinity" (left fist) {rF+ rC+ Str+4 Int+5 Dex+6, Self, Fort}
   (You bought it in a shop on level 2 of the Orcish Mines)

   [ring of dexterity]

   Str:       It affects your strength (+4).
   Int:       It affects your intelligence (+5).
   Dex:       It affects your dexterity (+6).
   rF:        It protects you from fire.
   rC:        It protects you from cold.
   It has a curse which improves the following skills: Introspection: Fighting
   and Spellcasting.
   Fortitude: Armour and Shields.
 K - the cursed amulet of the Air (around neck) {Inacc Air Fly rElec RMsl, Self, Fort}
   (You bought it in a shop on level 2 of the Orcish Mines)

   [amulet of nothing]

   It reduces the accuracy of all your attacks.
   It enhances your air magic.
   rElec:     It insulates you from electricity.
   Fly:       It grants you flight.
   RMsl:      It protects you from missiles.
   It has a curse which improves the following skills: Introspection: Fighting
   and Spellcasting.
   Fortitude: Armour and Shields.
 P - the ring of Opsir {Wiz Int+4}
   (You took it off a deep elf zephyrmancer on level 3 of the Elven Halls)

   [ring of wizardry]

   It improves your spell success rate.
   Int:       It affects your intelligence (+4).
 Q - the cursed ring of Cremastomancy (right fist) {rC+ AC+4 Str+4, Cun, Melee}
   (You took it off a deep elf death mage on level 3 of the Elven Halls)

   [ring of protection]

   AC:        It affects your AC (+4).
   Str:       It affects your strength (+4).
   rC:        It protects you from cold.
   It has a curse which improves the following skills: Cunning: Dodging and
   Stealth.
   Melee Combat: Short Blades, Long Blades, Axes, Maces & Flails, Polearms,
   Staves and Unarmed Combat.
Wands
 j - a wand of acid (33)
 t - a wand of digging (10)
 x - a wand of iceblast (6)
Scrolls
 n - 6 scrolls of torment {!r}
 p - 14 scrolls of enchant armour
 R - 3 scrolls of magic mapping {!r}
 S - 5 scrolls of summoning
 T - 26 scrolls of teleportation
 U - 15 scrolls of fear
 V - 11 scrolls of vulnerability {!r!r}
 W - 4 scrolls of holy word
 X - 13 scrolls of fog
 Y - 4 scrolls of blinking {!r}
 Z - 3 scrolls of silence {!r}
Potions
 A - 9 potions of ambrosia
 B - 10 potions of attraction {!q}
 C - 3 potions of berserk rage {!q}
 D - 5 potions of brilliance
 E - 3 potions of cancellation
 F - 20 potions of curing
 H - 11 potions of haste
 I - 2 potions of invisibility
 N - 10 potions of might
 O - 3 potions of resistance
Miscellaneous
 l - a condenser vane
 m - a phantom mirror (inert)
 o - a piece from Xom's chessboard (15/15)
 v - a lightning rod (4/4)
 w - a phial of floods
 G - a box of beasts


   Skills:
 - Level 21.4(24.9) Fighting
 - Level 11.9(14.5) Long Blades
 - Level 9.3(13.3) Armour
 + Level 20.1(22.4) Dodging
 - Level 1.5(3.3) Stealth
 - Level 1.9(4.7) Shields
 - Level 23.1(25.4) Unarmed Combat
 - Level 23.7(27) Spellcasting
 - Level 4.1 Evocations


You couldn't memorise any spells.
You knew the following spells:

 Your Spells              Type           Power      Damage    Failure   Level
a - Foxfire               Conj/Fire      100%       2x1d9     0%          1
b - Scorch                Fire           100%       2d10      0%          2
c - Inner Flame           Hex/Fire       97%        N/A       0%          3
d - Conjure Flame         Conj/Fire      97%        6-21      0%          3
e - Flame Wave            Conj/Fire      97%        2d13      0%          4
f - Sandblast             Erth           100%       2d20      0%          1
g - Static Discharge      Conj/Air       100%       N/A       0%          2
h - Gell's Gravitas       Tloc           97%        N/A       0%          3
i - Alistair's Intoxicat  Tmut/Pois      64%        N/A       0%          5
j - Starburst             Conj/Fire      48%        6d13      0%          6
k - Iron Shot             Conj/Erth      48%        9d9       0%          6
l - Storm Form            Tmut/Air       60%        N/A       0%          7
m - Disjunction           Tloc           48%        N/A       0%          8
n - Borgnjor's Revivific  Necr           48%        N/A       0%          8
o - Discord               Hex            48%        N/A       0%          8
p - Fire Storm            Conj/Fire      48%        8d12      1%          9
s - Swiftness             Air            100%       N/A       0%          3
x - Fireball              Conj/Fire      48%        3d19      0%          5
Your spell library was empty.

Dungeon Overview and Level Annotations

Branches:
Dungeon (15/15)            Temple (1/1) D:4            Lair (6/6) D:10
  Swamp (4/4) Lair:3       Spider (4/4) Lair:4        Slime (5/5) Lair:6
    Orc (2/2) D:12            Elf (3/3) Orc:2        Vaults (5/5) D:14
  Crypt (3/3) Vaults:3       Tomb (0/3) Crypt:3      Depths (4/4) D:15
    Zot (0/5) Depths:4     Bailey (visited)           IceCv (visited)
Desolation (visited)

Altars:
Ashenzari
Cheibriados
Dithmenos
Elyvilon
Fedhas
Gozag
Hepliaklqana
Kikubaaqudgha
Makhleb
Nemelex Xobeh
Okawaru
Qazlal
Ru
Sif Muna
Trog
Uskayaw
Vehumet
Wu Jian
Xom
Yredelemnul
Zin
The Shining One
Beogh
Jiyva
Lugonu

Shops:
D:4 *(??*   D:10 *   Orc:2 =([=*   Elf:2 ==:   Elf:3 *((   Vaults:1 [
Depths:2 *   Depths:4 (

Portals:
Hell: Depths:1 Depths:2 Depths:3 Depths:4
Abyss: Depths:1 Depths:3
Pandemonium: Depths:1 Depths:2
Ziggurat: Depths:3


Innate Abilities, Weirdness & Mutations

You are a lightning-filled tempest!
Your electrical attacks strike out in all directions at once.
You are incredibly evasive.
You are flying.
Your armour is entirely melded.
You are incapable of wielding weapons or throwing items.
You are immune to sickness and miasma.
You are immune to poison.
((Your flesh is very heat resistant. (rF++)))
((You are vulnerable to cold. (rC-)))
You float through the air rather than walking.
You learn spells naturally, not from books.
Your magical power is your life essence.
You have superior vitality. (+4 MHP)
You tend to lose your temper in combat.
You occasionally shout uncontrollably at your foes.
You are weak. (Str -2)
Potions are less effective at restoring your health.
Your spells are easier to cast, but less powerful.
You sometimes lose the ability to read scrolls when taking damage.


Message History

The floor.
You blast Rucudata!!!
Rucudata is severely wounded.
Rucudata completely misses you. The orange demon completely misses you.
You completely miss Rucudata.
Rucudata is severely wounded.
The orange demon completely misses you. Rucudata claws you but does no damage.
You miss Rucudata.
Rucudata is severely wounded.
Rucudata claws you!!!
* * * LOW HITPOINT WARNING * * *
The orange demon completely misses you. x2
You cannot read scrolls in your current state!
Unknown command.
You cannot read scrolls in your current state!
Your system partially rejects the healing.
You feel much better. Rucudata misses you. The orange demon closely misses you.
Rucudata claws you!!
* * * LOW HITPOINT WARNING * * *
You feel as though you will be weak longer.
The orange demon completely misses you.
You cannot read scrolls in your current state!
Unknown command.
Aiming: Blinkbolt
Press: ? - help, Dir - move target, f - orange demon
Aim: an orange demon (96% to hit)
The shock of your passage hits the orange demon!!!
The orange demon is almost dead.
You blink.
The orange demon barely misses you.
The orange demon hits you but does no damage.
The orange demon misses you. The orange demon completely misses you.
Okay, then.
Aiming: Phantom Mirror
Press: ? - help, Dir - move target, f - Rucudata, p - orange demon
Aim: Rucudata (translocational energy, severely wounded, absorbing vital energies)
You reflect Rucudata with the mirror!
The mirror clouds!
Rucudata claws the orange demon!
The orange demon dies!
Rucudata claws you!!
You die...

, ,, ^ , #.........,,*
#.....)... ,* #......... ,
####.........,,*
##########........., *
###########......... *
##############4.2......, *
###############)v&......,,
* ...(..........).&.....^.
, ,, ,
..)..................... ,
, ,
.(......................,
,,,,
........................ ,
, ,
........................,,
, ,
........................,
,, ,,,
.............[.......... ,
, #############...........
******


You could see Rucudata (black mark), a reaper, an orange demon (black mark) and
the friendly Rucudata (summoned, black mark, drained).

Vanquished Creatures
  the Royal Jelly (Slime:5)
  2 dread liches (Vaults:5)
  An ancient lich (Crypt:3)
  A juggernaut (Depths:4)
  Frederick (Vaults:2)
  Boris (Crypt:2)
  A shard shrike (IceCv)
  Margery (Depths:3)
  Nikola (Vaults:3)
  A profane servitor (Abyss:3)
  6 bone dragons
  A doom hound (Crypt:2)
  Arachne (Spider:3)
  7 tentacled monstrosities
  9 liches
  3 deep elf blademasters
  A titan (Vaults:5)
  4 quicksilver dragons
  A walking earthen tome (Depths:3)
  22 acid blobs
  An ancient champion (Crypt:1)
  6 tentacled starspawn (Abyss:3)
  An Executioner (Abyss:3)
  2 deep elf master archers (Elf:3)
  3 thorn hunters
  4 sphinxes
  4 shadow dragons
  Donald (Vaults:1)
  Kirke (Lair:4)
  3 draconian monks (Depths:4)
  2 storm dragons (Depths:4)
  5 tengu reavers
  6 revenants
  Agnes (Spider:2)
  9 rockslimes
  3 emperor scorpions
  9 azure jellies
  A daeva (Abyss:3)
  11 frost giants
  2 deep elf sorcerers
  7 fire giants
  19 vault wardens
  4 balrugs
  2 iron dragons
  2 imperial myrmidons (Desolation)
  An orc warlord (Vaults:3)
  A caustic shrike zombie (Crypt:2)
  7 ghost moths
  A cacodemon (Pan)
  A shard shrike simulacrum (Abyss:3)
  2 juggernaut zombies
  2 curse skulls
  5 war gargoyles
  3 deep elf elementalists (Elf:3)
  A caustic shrike skeleton (Crypt:3)
  7 ghouls
  5 broodmothers
  The ghost of Jeovvues the Convoker, a journeyman BaSu of Okawaru (Orc:1)
  22 ironbound preservers
  19 stone giants
  A draconian annihilator (Depths:4)
  The ghost of NigelTetley the Blocker, a journeyman FoFi of Zin (Lair:6)
  5 reapers
  9 quicksilver oozes
  7 ironbound thunderhulks
  34 very ugly things
  3 black draconians (Depths:4)
  30 starcursed masses
  2 purple draconians (Depths:4)
  A demonspawn black sun (Pan)
  4 eleionomae
  9 deep elf demonologists
  8 vampire knights
  2 red draconians (Depths:4)
  An entropy weaver (shapeshifter) (Depths:3)
  A halazid warlock (Desolation)
  6 entropy weavers
  3 bunyips
  12 dire elephants
  4 spark wasps
  4 white draconians
  8 deep elf annihilators
  2 spectral hellephants (Crypt:2)
  9 deep elf death magi
  A green death (Pan)
  14 ettins
  9 fire dragons
  4 crystal guardians
  4 eidola
  The ghost of p0werm0de the Fighter, a journeyman DsCK of Gozag (D:10)
  Josephine (D:15)
  2 blizzard demons (Abyss:3)
  A merfolk javelineer (Depths:4)
  9 jiangshi
  A shambling mangrove (Swamp:4)
  2 merfolk impalers
  The ghost of benappo the Thaumaturge, a journeyman DjCj of Cheibriados (D:11)
  2 spectral elves (Crypt:2)
  9 yaktaur captains
  5 deep elf high priests
  7 ragged hierophants (Desolation)
  A fire dragon (shapeshifter) (Depths:3)
  8 great orbs of eyes
  2 jorogumos
  A hell beast (Depths:3)
  10 servants of whispers (Desolation)
  An ice dragon (shapeshifter) (Depths:3)
  10 ice dragons
  6 rakshasas
  10 boulder beetles
  29 hydras
  2 catoblepae
  19 vault guards
  A ghost crab (Swamp:1)
  5 centaur warriors
  2 ogre magi
  4 radroaches
  5 spriggan air magi
  10 death yaks
  6 peacekeepers (Desolation)
  A satyr (shapeshifter) (Depths:3)
  8 alligators
  14 ironbound frosthearts
  27 dancing weapons
  2 death knights (Crypt:2)
  16 two-headed ogres
  4 hell hogs (Abyss:3)
  2 death scarabs (Spider:2)
  9 tengu warriors
  6 orc high priests
  6 deep troll shamans
  A satyr (Abyss:3)
  11 thrashing horrors
  Urug (Orc:1)
  6 deep troll earth magi
  5 vampire magi
  A titan skeleton (Crypt:3)
  2 spriggan berserkers
  28 hell knights
  10 sun demons
  23 deep elf knights
  10 wretched stars (Abyss:3)
  3 soul eaters
  A storm dragon zombie (Crypt:3)
  5 iron trolls
  A spectral death yak (Lair:6)
  A bunyip zombie (Crypt:3)
  6 pharaoh ants
  15 skeletal warriors
  2 sun moths (Spider:3)
  A spectral anaconda (Lair:6)
  2 sixfirhies
  A spatial maelstrom (Abyss:3)
  5 steelbarb worms
  5 goliath frogs
  A ghost moth zombie (Crypt:2)
  10 swamp dragons
  6 spriggan druids
  4 glowing orange brains
  A shadow demon (Abyss:3)
  51 deep trolls
  6 bog bodies
  A death drake (Depths:4)
  6 flayed ghosts
  10 lindwurms
  9 wizards
  20 orb spiders
  2 anaconda skeletons (Crypt:3)
  9 phantasmal warriors
  A sphinx zombie (Crypt:2)
  A fenstrider witch simulacrum (Abyss:3)
  A lindwurm (shapeshifter) (Depths:3)
  An orange crystal statue (D:10)
  3 harpies
  11 orc knights
  16 deep elf archers
  3 obsidian statues
  24 ironbound convokers
  32 deep elf pyromancers
  15 necromancers
  26 deep elf zephyrmancers
  6 orc sorcerers
  4 worldbinders (Abyss:3)
  22 wolf spiders
  2 manticores (D:14)
  42 ugly things
  19 elephants
  A jorogumo skeleton (Crypt:2)
  7 shining eyes
  3 will-o-the-wisps
  131 slime creatures
  8 centaur zombies
  6 apocalypse crabs (Abyss:3)
  A black mamba (shapeshifter) (Abyss:3)
  An elephant (shapeshifter) (Vaults:1)
  4 guardian serpents
  7 moths of wrath
  2 black mambas
  2 eyes of devastation (Slime:2)
  A cane toad (shapeshifter) (Vaults:5)
  10 cane toads
  12 smoke demons
  3 orange demons
  A molten gargoyle (Desolation)
  20 vault sentinels
  3 gargoyles
  7 torpor snails
  6 kobold demonologists
  2 unseen horrors (shapeshifter)
  2 hellions
  2 unseen horrors
  A green draconian zombie (Crypt:1)
  11 demonic crawlers
  22 rime drakes
  33 yaktaurs
  6 tengu conjurers
  2 ice devils
  8 freezing wraiths
  12 komodo dragons
  5 efreet
  7 ancient zymes
  A harpy zombie (Crypt:3)
  A hellwing (Abyss:3)
  A red devil (Depths:3)
  A silent spectre (Abyss:3)
  2 bloated husks
  The ghost of benappo the Chopper, an amateur MiFi (D:4)
  5 trolls
  A harpy skeleton (Crypt:3)
  4 meliai
  10 tyrant leeches
  A polar bear (shapeshifter) (Depths:3)
  A hydra skeleton (Crypt:3)
  49 tarantellas
  12 blink frogs
  A wolf spider simulacrum (D:14)
  21 hornets
  19 polar bears
  A dream sheep (shapeshifter) (Depths:3)
  49 raiju
  An ettin zombie (Crypt:2)
  A spectral elephant (Lair:6)
  46 flying skulls
  56 saltlings (Desolation)
  30 jumping spiders
  3 jumping spiders (shapeshifter)
  A centaur simulacrum (Abyss:3)
  A dire elephant simulacrum (Abyss:3)
  8 ynoxinuls
  4 air elementals
  18 culicivoras
  A spriggan (shapeshifter) (Elf:1)
  2 shadows
  A human (D:14)
  57 yaks
  19 spriggans
  A basilisk (Lair:1)
  6 wraiths
  3 fire elementals
  17 golden eyes
  A hog (shapeshifter) (Vaults:5)
  8 water elementals
  5 wyverns
  7 hogs
  9 neqoxecs
  A steam dragon (D:8)
  5 chaos spawn
  Eustachio (D:5)
  56 redbacks
  A death yak simulacrum (Lair:6)
  3 vampire mosquitoes (D:13)
  10 wargs
  2 naga zombies (Crypt:3)
  23 spatial vortices (Abyss:3)
  A faun zombie (Crypt:1)
  19 swamp worms
  A deep troll zombie (Crypt:2)
  13 water moccasins
  4 hell hounds (Abyss:3)
  2 acid dragons
  26 large abominations (Abyss:3)
  12 swamp drakes
  Duvessa (D:5)
  An ice beast (Abyss:3)
  3 sky beasts
  35 orc warriors
  15 small abominations
  16 ogres
  3 black bears
  2 necrophages (Crypt:3)
  11 wolves
  17 centaurs
  2 elephant skeletons (Lair:6)
  A centaur (shapeshifter) (Vaults:5)
  5 kobold brigands
  A gnoll sergeant (D:9)
  22 bullfrogs
  A wyvern zombie (D:9)
  2 scorpions (D:5)
  A yaktaur skeleton (Crypt:2)
  4 earth elementals
  3 water moccasin zombies
  Dowan (D:5)
  A water moccasin skeleton (D:5)
  5 killer bees (D:8)
  6 howler monkeys
  2 bullfrog zombies
  3 quasits (Abyss:3)
  5 hounds
  A jelly (Abyss:3)
  33 orc priests
  6 iron imps
  Terence (D:2)
  A basilisk skeleton (Crypt:2)
  A human skeleton (Crypt:1)
  25 orc wizards
  4 iguanas
  5 lightning spires (Abyss:3)
  2 felid zombies (Crypt:1)
  A naga skeleton (Crypt:1)
  A hound zombie (Crypt:1)
  15 gnolls
  A howler monkey skeleton (D:7)
  11 adders
  An adder skeleton (D:4)
  3 worms
  5 dart slugs
  86 orcs
  A bat zombie (Crypt:2)
  5 endoplasms
  4 giant cockroaches
  14 goblins
  13 hobgoblins
  10 jackals
  14 kobolds
  3 quokkas
  6 ball pythons
  3 bats
  A frilled lizard (D:2)
  A quokka skeleton (Crypt:2)
  5 rats
  4 bushes
  2 lurking horrors (Abyss:3)
  2 plants
  5 starspawn tentacles (Abyss:3)
2711 creatures vanquished.

Vanquished Creatures (collateral kills)
  A tentacled monstrosity (Vaults:5)
  A lich (Crypt:2)
  A deep elf death mage (Vaults:5)
  16 vault guards (Vaults:5)
  A skeletal warrior (Crypt:3)
  A wizard (Vaults:4)
  A shining eye (Slime:2)
  A phantasmal warrior (Vaults:5)
  An orange demon (Pan)
  2 slime creatures (Slime:5)
  3 golden eyes (Slime:5)
  An ufetubus (Abyss:3)
30 creatures vanquished.

Vanquished Creatures (others)
  A fire giant (Depths:4)
  A dancing weapon (Elf:2)
  A wizard (Vaults:1)
  A deep elf zephyrmancer (Elf:1)
  An unseen horror (Abyss:3)
  A redback (Spider:1)
  A small abomination (Abyss:3)
  70 fire vortices
  528 foxfires
  44 fungi
  104 plants
  12 starspawn tentacles (Abyss:3)
  36 withered plants
801 creatures vanquished.

Grand Total: 3542 creatures vanquished

Notes
Turn   | Place    | Note
-------+----------+-------------------------------------------
     0 | D:1      | wakim the Djinni Fire Elementalist began the quest for the
                  | Orb.
     0 | D:1      | Reached XP level 1. HP: 15/15 MP: 0/0
   579 | D:1      | Found a faded altar of an unknown god.
   643 | D:1      | Reached XP level 2. HP: 9/22 MP: 0/0
   840 | D:2      | Reached skill level 1 in Fighting
   913 | D:2      | Reached XP level 3. HP: 12/27 MP: 0/0
   913 | D:2      | Learned a level 1 spell: Sandblast
  1345 | D:2      | Reached XP level 4. HP: 25/33 MP: 0/0
  1780 | D:2      | Reached XP level 5. HP: 30/40 MP: 0/0
  1780 | D:2      | Learned a level 2 spell: Static Discharge
  1896 | D:2      | Noticed Terence
  1903 | D:2      | Killed Terence
  2494 | D:3      | Reached XP level 6. HP: 33/46 MP: 0/0
  3151 | D:4      | Found a transporter.
  3197 | D:4      | Found Puhach's General Store.
  3265 | D:4      | Bought a scroll of fear for 38 gold pieces
  3292 | D:4      | Found Votoumua's Magic Scroll Shop.
  3297 | D:4      | Bought a scroll of blinking for 82 gold pieces
  3581 | D:4      | Found Ysunegul's Magic Scroll Boutique.
  3861 | D:4      | Noticed a black bear
  3911 | D:4      | Killed a black bear
  3912 | D:4      | Reached XP level 7. HP: 43/53 MP: 0/0
  3912 | D:4      | Learned a level 3 spell: Gell's Gravitas
  3917 | D:4      | Found Fayng's Antique Weapon Shoppe.
  3990 | D:4      | Noticed benappo's ghost (amateur MiFi)
  3991 | D:4      | Found a transporter.
  3996 | D:4      | Identified the +4 dire flail of Beva {antimagic, rPois}
  4151 | D:4      | Found a staircase to the Ecumenical Temple.
  4166 | Temple   | Entered the Ecumenical Temple
  4204 | Temple   | Became a worshipper of Ashenzari the Shackled
  4224 | D:4      | Found Egaxoof's Assorted Antiques.
  4232 | D:4      | Reached skill level 5 in Fighting
  4262 | D:4      | Bought a scroll labelled GUANKEK FODWE for 21 gold pieces
  4609 | D:5      | Entered Level 5 of the Dungeon
  4853 | D:5      | Reached skill level 5 in Spellcasting
  4853 | D:5      | Reached XP level 8. HP: 55/61 MP: 0/0
  5197 | D:5      | Noticed Eustachio
  5206 | D:5      | Killed Eustachio
  5371 | D:5      | Noticed Duvessa
  5388 | D:5      | Killed Duvessa
  5388 | D:5      | Noticed Dowan
  5394 | D:5      | Killed Dowan
  5646 | D:4      | Bought a scroll of teleportation for 36 gold pieces
  5646 | D:4      | Bought a scroll of magic mapping for 42 gold pieces
  5792 | D:6      | HP: 1/64 [centaur warrior zombie (7)]
  6190 | D:6      | Reached XP level 9. HP: 54/71 MP: 0/0
  6190 | D:6      | Learned a level 3 spell: Swiftness
  6445 | D:6      | Found a glowing silver altar of Zin.
  6445 | D:6      | Found a blossoming altar of Fedhas.
  6895 | D:6      | Reached * piety under Ashenzari
  7816 | D:6      | Found a hazy altar of Hepliaklqana.
  7816 | D:6      | Found an opulent altar of Gozag.
  7898 | D:6      | Found an iron altar of Okawaru.
  8075 | D:4      | Bought a scroll labelled HAMOISHRETH for 21 gold pieces
  8075 | D:4      | Bought a scroll labelled XOCOJA BUMARYO for 21 gold pieces
  8808 | D:6      | Reached XP level 10. HP: 40/81 MP: 0/0
  9242 | D:7      | Found a basalt altar of Yredelemnul.
  9309 | D:7      | Reached ** piety under Ashenzari
  9858 | D:8      | Reached skill level 10 in Fighting
  9874 | D:8      | Reached *** piety under Ashenzari
  9883 | D:8      | Found a flagged portal.
  9892 | Bailey   | Entered a bailey
 10158 | Bailey   | Noticed an orc knight
 10166 | Bailey   | Killed an orc knight
 10524 | Bailey   | Noticed an orc warlord
 10617 | Bailey   | Identified the +6 scale mail "Kovviv" {Fly Int+3}
 10662 | Bailey   | Noticed an orc knight
 11032 | D:8      | Noticed a two-headed ogre
 11035 | D:8      | Killed a two-headed ogre
 11036 | D:8      | Reached XP level 11. HP: 81/95 MP: 0/0
 11036 | D:8      | Learned a level 5 spell: Fireball
 11180 | D:8      | Found an ornate altar of the Wu Jian Council.
 11858 | D:9      | Noticed a boulder beetle
 12953 | D:10     | Entered Level 10 of the Dungeon
 12981 | D:10     | Noticed a two-headed ogre
 12992 | D:10     | Killed a two-headed ogre
 13036 | D:10     | Found Vuxaeg's General Store.
 13160 | D:10     | Noticed a two-headed ogre
 13163 | D:10     | Noticed a deep troll
 13166 | D:10     | Noticed a two-headed ogre
 13192 | D:10     | Found a transporter.
 13195 | D:10     | Noticed p0werm0de's ghost (journeyman DsCK)
 13196 | D:10     | Found a bloodstained altar of Trog.
 13196 | D:10     | Noticed a moth of wrath
 13196 | D:10     | Identified the +9 short sword "Nynoeseol" {holy, rCorr
                  | Int+5 Dex-5}
 13232 | D:10     | Found a transporter.
 13613 | D:10     | Found a staircase to the Lair.
 13794 | D:10     | Noticed an orange crystal statue
 13919 | D:10     | Noticed an obsidian statue
 14822 | Lair:1   | Entered Level 1 of the Lair of Beasts
 14827 | Lair:1   | Reached skill level 10 in Spellcasting
 15038 | Lair:1   | Noticed an eight-headed hydra
 15072 | Lair:1   | Killed an eight-headed hydra
 15235 | Lair:1   | Reached XP level 12. HP: 81/107 MP: 0/0
 16043 | Lair:2   | Noticed a five-headed hydra
 16980 | Lair:2   | Noticed a four-headed hydra
 16984 | Lair:2   | Killed a four-headed hydra
 17069 | Lair:2   | Killed a five-headed hydra
 17885 | Lair:3   | Reached skill level 1 in Armour
 17920 | Lair:3   | Reached XP level 13. HP: 32/113 MP: 0/0
 17920 | Lair:3   | Learned a level 5 spell: Alistair's Intoxication
 18321 | Lair:3   | Noticed a four-headed hydra
 18325 | Lair:3   | Killed a four-headed hydra
 19632 | Lair:3   | Found a staircase to the Swamp.
 19966 | Lair:4   | Reached skill level 15 in Fighting
 20784 | Lair:4   | Reached **** piety under Ashenzari
 20823 | Lair:4   | Reached skill level 5 in Dodging
 21109 | Lair:4   | Found a hole to the Spider Nest.
 21150 | Lair:4   | Reached XP level 14. HP: 53/128 MP: 0/0
 22792 | Lair:4   | Identified the +6 flail "Sexa Inkuida" {vorpal, Str+3
                  | Dex+4}
 23114 | Lair:5   | Noticed Kirke
 23124 | Lair:4   | Killed Kirke
 23125 | Lair:4   | Reached skill level 5 in Armour
 24299 | D:4      | Bought an ancient demon blade for 660 gold pieces
 24299 | D:4      | Identified the +5 demon blade of Zeysev {venom, rF+ rCorr
                  | Dex+2} (You bought it in a shop on level 4 of the Dungeon)
 25070 | Lair:6   | Entered Level 6 of the Lair of Beasts
 25773 | Lair:6   | Found a runed translucent door.
 25890 | Lair:6   | Noticed NigelTetley's ghost (journeyman FoFi)
 25892 | Lair:6   | Found a staircase to the Slime Pits.
 25893 | Lair:6   | Found a viscous altar of Jiyva.
 25962 | Lair:6   | Reached skill level 1 in Long Blades
 26195 | Lair:6   | Identified the +0 buckler of Tasivam {rC+ Regen+ Int+2
                  | Dex-4}
 26198 | Lair:6   | Noticed a dire elephant
 26199 | Lair:6   | Identified the +2 dagger of Invincibility {drain, Fly MP+9}
 26199 | Lair:6   | Noticed a dire elephant
 27133 | Lair:6   | Reached XP level 15. HP: 111/127 MP: 0/0
 27133 | Lair:6   | Learned a level 6 spell: Starburst
 29128 | Lair:6   | Killed NigelTetley's ghost
 29129 | Lair:6   | Reached skill level 1 in Shields
 30137 | D:11     | Found a runed translucent gate.
 30138 | D:11     | Found a runed translucent gate.
 30142 | D:11     | Found a runed translucent gate.
 30146 | D:11     | Noticed benappo's ghost (journeyman DjCj)
 30324 | D:10     | Killed p0werm0de's ghost
 30947 | D:12     | Found a staircase to the Orcish Mines.
 32156 | D:13     | Reached skill level 5 in Long Blades
 32727 | D:13     | Found a gateway to a bazaar.
 32733 | Bazaar   | Entered a bazaar
 32738 | Bazaar   | Found Voptuoh's Jewellery Emporium.
 32739 | Bazaar   | Found Dig Oshre's Weapon Shoppe.
 32758 | Bazaar   | Found Byxtenuo's General Store.
 32758 | Bazaar   | Found Ygolaunn's Assorted Antiques.
 32782 | Bazaar   | Found Eppyxuidd's Book Shoppe.
 32825 | Bazaar   | Found Xomititsa's Distillery.
 32830 | Bazaar   | Bought 2 potions of haste for 180 gold pieces
 32830 | Bazaar   | Bought a potion of heal wounds for 45 gold pieces
 32895 | D:13     | Found an iron altar of Okawaru.
 32897 | D:13     | Found a stormy altar of Qazlal.
 32897 | D:13     | Found a broken altar of Ashenzari.
 32899 | D:13     | Found a sparkling altar of Nemelex Xobeh.
 32899 | D:13     | Found a shimmering altar of Xom.
 33099 | D:14     | Reached XP level 16. HP: 121/145 MP: 0/0
 33463 | D:14     | Found a gate to the Vaults.
 33959 | D:15     | Entered Level 15 of the Dungeon
 34056 | D:15     | Noticed Josephine
 34060 | D:15     | Killed Josephine
 35361 | D:15     | Found a staircase to the Depths.
 35362 | D:15     | Noticed a frost giant
 35366 | D:15     | Killed a frost giant
 35471 | D:15     | Found a portal to a secret trove of treasure.
 35578 | Orc:1    | Entered Level 1 of the Orcish Mines
 35578 | Orc:1    | Noticed Urug
 35581 | Orc:1    | Killed Urug
 35840 | Orc:1    | Found a transporter.
 35841 | Orc:1    | Noticed Jeovvues's ghost (journeyman BaSu)
 35848 | Orc:1    | Found a transporter.
 35851 | Orc:1    | Identified the ring of Nigrex {rPois rN++ Str+2 Stlth-}
 36310 | Orc:1    | Killed Jeovvues's ghost
 36453 | Orc:2    | Entered Level 2 of the Orcish Mines
 36781 | Orc:2    | Found Ciudghaor's General Store.
 36781 | Orc:2    | Found Fuamoumo's Jewellery Shoppe.
 36783 | Orc:2    | Found Yryariev's Weapon Emporium.
 36786 | Orc:2    | Found Etzur's Antique Armour Emporium.
 36796 | Orc:2    | Bought a scroll of magic mapping for 42 gold pieces
 36946 | Orc:2    | Found Adixowka's Jewellery Emporium.
 37535 | Orc:2    | Found a staircase to the Elven Halls.
 37759 | Spider:1 | Entered Level 1 of the Spider Nest
 37764 | Spider:1 | Reached XP level 17. HP: 102/152 MP: 0/0
 37764 | Spider:1 | Learned a level 6 spell: Iron Shot
 38160 | Spider:1 | Found a frozen archway.
 38171 | IceCv    | Entered an ice cave
 38216 | IceCv    | Reached skill level 15 in Spellcasting
 38699 | IceCv    | Noticed a shard shrike
 38702 | IceCv    | Killed a shard shrike
 39174 | Orc:2    | Bought the ring of Nupezxekof {rF+ rC+ Str+4 Int+5 Dex+6}
                  | for 1476 gold pieces
 39185 | Orc:2    | Reached ***** piety under Ashenzari
 39808 | Spider:1 | Reached skill level 10 in Long Blades
 39921 | Spider:2 | Reached XP level 18. HP: 135/166 MP: 0/0
 40309 | Spider:2 | Noticed Agnes
 40314 | Spider:2 | Killed Agnes
 40991 | D:4      | Killed benappo's ghost
 41479 | D:11     | Killed benappo's ghost
 42410 | Spider:3 | Noticed Arachne
 42535 | Spider:2 | Upgraded the game from 0.28-a0-1387-g3a22ab9bdc to
                  | 0.28-a0-1389-gc726bef33b
 43076 | Spider:3 | Killed Arachne
 43575 | Spider:4 | Entered Level 4 of the Spider Nest
 43860 | Spider:4 | Reached XP level 19. HP: 169/173 MP: 0/0
 43860 | Spider:4 | Learned a level 7 spell: Storm Form
 44992 | Swamp:1  | Entered Level 1 of the Swamp
 45438 | Swamp:1  | Identified the +5 quarterstaff of the Destroying Madman
                  | {holy, Drain rF- Int+8 SInv}
 45638 | Swamp:2  | Reached skill level 1 in Evocations
 45928 | Swamp:2  | Found an ornate altar of the Wu Jian Council.
 46918 | Swamp:4  | Entered Level 4 of the Swamp
 46921 | Swamp:4  | Identified the +0 robe of the Solstice {+Blink Stlth+}
 46936 | Swamp:4  | Reached XP level 20. HP: 140/181 MP: 0/0
 46943 | Swamp:4  | Reached skill level 10 in Dodging
 47598 | Swamp:4  | Got a decaying rune of Zot
 48096 | Orc:2    | Bought the amulet of the Air {Inacc Air Fly rElec RMsl} for
                  | 564 gold pieces
 48096 | Orc:2    | Found the amulet of the Air {Inacc Air Fly rElec RMsl}
 48096 | Orc:2    | Reached ****** piety under Ashenzari
 48614 | Spider:4 | Reached skill level 1 in Unarmed Combat
 48834 | Spider:4 | Got a gossamer rune of Zot
 49132 | Depths:1 | Entered Level 1 of the Depths
 49211 | Depths:1 | Found a gateway to Hell.
 49322 | Depths:1 | Found a one-way gate to the infinite horrors of the Abyss.
 49375 | Depths:1 | Found a one-way gate leading to the halls of Pandemonium.
 49715 | Depths:1 | Found a runed translucent door.
 49904 | Depths:1 | Identified the cursed scarf "Shattered With Me" {rC+ rF+,
                  | Fort, Range} (You found it on level 5 of the Dungeon)
 49904 | Depths:1 | Identified the cursed +1 hat of the Sibylline Portent
                  | {Fort, Range} (You found it on level 6 of the Lair of
                  | Beasts)
 49904 | Depths:1 | Identified the cursed +1 pair of gloves "Profound Mistrust"
                  | {infuse, Self, Evo} (You found it on level 10 of the
                  | Dungeon)
 49904 | Depths:1 | Identified the cursed +2 scale mail "Chained With Me" {rF+,
                  | Cun, Self} (You found it on level 4 of the Lair of Beasts)
 50624 | Depths:2 | Cast into level 3 of the Abyss (a wizard)
 50625 | Abyss:3  | Reached skill level 5 in Unarmed Combat
 50683 | Abyss:3  | Reached XP level 21. HP: 158/176 MP: 0/0
 50683 | Abyss:3  | Learned a level 8 spell: Disjunction
 50714 | Abyss:3  | Found a corrupted altar of Lugonu.
 50848 | Abyss:3  | Identified the +1 leather armour of Proximity {MP-9 Str+5}
 50930 | Abyss:3  | Noticed a bone dragon
 50944 | Abyss:3  | Killed a bone dragon
 50969 | Depths:2 | Escaped the Abyss
 51511 | Depths:2 | Found Cupt's General Store.
 51573 | Depths:2 | Cast into level 3 of the Abyss (hell knight)
 51749 | Abyss:3  | Noticed a profane servitor
 51768 | Abyss:3  | Killed a profane servitor
 51906 | Depths:2 | Escaped the Abyss
 52188 | Depths:2 | Identified Diyttiv's Guide on Bewitching Snow
 52265 | Depths:2 | Found an iron altar of Okawaru.
 52765 | Depths:3 | Noticed Margery
 52776 | Depths:3 | Reached XP level 22. HP: 138/184 MP: 0/0
 52786 | Depths:3 | Killed Margery
 52991 | Depths:3 | Identified a scroll of acquirement
 53019 | Depths:3 | Found a corrupted altar of Lugonu.
 53070 | Depths:3 | Found a white marble altar of Elyvilon.
 53494 | Depths:3 | Acquired 1166 gold pieces
 53733 | D:15     | You paid a toll of a +8 demon trident to enter a treasure
                  | trove
 53734 | Trove    | Entered a treasure trove
 53737 | Trove    | Identified the ring "Gujutet" {rPois rC+ rN+ Will-}
 53738 | Trove    | Identified the +1 pair of gloves of Narcissism {rElec}
 53739 | Trove    | Identified the +2 hat of Sin {rElec rF++ rC- Will+}
 53739 | Trove    | Identified the +8 plate armour "Jietugaxt" {rElec}
 54094 | Depths:3 | Found a one-way gateway to a ziggurat.
 54310 | Depths:3 | Reached skill level 10 in Unarmed Combat
 55470 | Depths:4 | Entered Level 4 of the Depths
 55769 | Depths:4 | Found Buqeall's Antique Weapon Shoppe.
 55861 | Depths:4 | Paralysed by a great orb of eyes for 6 turns
 56205 | Depths:4 | Noticed a juggernaut
 56219 | Depths:4 | Killed a juggernaut
 56220 | Depths:4 | Reached XP level 23. HP: 70/190 MP: 0/0
 56220 | Depths:4 | Learned a level 8 spell: Borgnjor's Revivification
 56655 | Depths:4 | Noticed a golden dragon
 56744 | Depths:4 | Found a gate to the Realm of Zot.
 57271 | Vaults:1 | Entered Level 1 of the Vaults
 57418 | Vaults:1 | Noticed Donald
 57423 | Vaults:1 | Killed Donald
 57871 | Vaults:1 | Found Ijeji's Antique Armour Emporium.
 58302 | Vaults:1 | Reached skill level 15 in Unarmed Combat
 59238 | Elf:1    | Entered Level 1 of the Elven Halls
 59337 | Elf:1    | Reached XP level 24. HP: 195/196 MP: 0/0
 59339 | Elf:1    | Found a crumbling gateway.
 59353 | Desolati | Entered the Desolation of Salt
 59387 | Desolati | Identified the Incunabulum of Destructive Transformation
 59390 | Desolati | Identified Zuvuiloty's Papyrus of Combat Magic
 59409 | Desolati | Identified the ring of Kodiwut {Int+4 Dex+6}
 59415 | Desolati | Identified the +2 robe "Zousay" {+Blink}
 59431 | Desolati | Identified the Reference Book on Lightness
 59706 | Desolati | Identified Desaeb's Handbook of Summoning and Envenoming
 60138 | Desolati | Identified the ring "Exevosea" {Ice Str+4 Dex+3 Slay-2}
 60169 | Desolati | Identified the ring of Esijydub {rC+ Str+6}
 60648 | Elf:1    | Gained mutation: You sometimes lose the ability to read
                  | scrolls when taking damage. [a neqoxec]
 60672 | Elf:1    | Identified the Grimoire of Calling
 61770 | Elf:2    | Found a runed translucent gate.
 61771 | Elf:2    | Found a runed translucent gate.
 61771 | Elf:2    | Found a runed translucent gate.
 62691 | Elf:2    | Found Sitob's Jewellery Boutique.
 62693 | Elf:2    | Found Onweomush's Book Shoppe.
 62694 | Elf:2    | Found Oppic's Jewellery Boutique.
 62812 | Elf:3    | Entered Level 3 of the Elven Halls
 62885 | Elf:2    | Reached XP level 25. HP: 198/202 MP: 0/0
 62885 | Elf:2    | Learned a level 8 spell: Discord
 63086 | Elf:3    | Found Porph's Weapon Emporium.
 63086 | Elf:3    | Found Secuapax's Antique Weapon Shoppe.
 63239 | Elf:3    | Identified the ring "Fuanitig" {Ice Int+2}
 63242 | Elf:3    | Identified the +9 quarterstaff of Lonn {flame, rCorr Int+4}
 63242 | Elf:3    | Identified the ring of Opsir {Wiz Int+4}
 63269 | Elf:3    | Identified the +9 great sword "Rosojeix" {vorpal, rF+ rC-
                  | SInv}
 63319 | Elf:3    | Identified the +0 leather armour of the Forest {Harm rF+
                  | Str+4}
 63624 | Elf:3    | Identified the +4 mace "Gulou" {vamp, rElec MP+9 Int+3}
 63625 | Elf:3    | Identified the +4 great sword "Qutosm" {vorpal, rN+ Str+3
                  | Int+4}
 63630 | Elf:3    | Identified the amulet of Osukiodd {Reflect rPois Str+3
                  | Int+4 SH+5}
 63631 | Elf:3    | Identified the ring of the Komodo Dragon {rC+ AC+4 Str+4}
 63743 | Elf:3    | Identified the +8 arbalest "Leinus" {elec, rC- rN+ Will+
                  | Stlth+}
 63746 | Elf:3    | Identified the Disquisition on Dusty Toxins
 63746 | Elf:3    | Identified the Volume of Changing and the Entourage
 63755 | Elf:3    | Identified the Volume of Lethal Confrontation
 63760 | Elf:3    | Identified the Collected Works on the Igneous Compass
 63760 | Elf:3    | Identified the Volume of Execration and Flight
 63761 | Elf:3    | Identified the amulet "Wogiaqarph" {Acrobat rN+ Stlth+}
 63887 | Elf:3    | Found Dibubref's Antique Weapon Emporium.
 63906 | Elf:3    | Identified the +1 robe "Nasoam" {rElec rCorr Int+4}
 64053 | Elf:3    | Found Kuseusch's General Store.
 65088 | Vaults:2 | Identified the +1 chain mail "Xuxyut" {rElec rCorr Int+2}
 65798 | Vaults:2 | Noticed Frederick
 65807 | Vaults:2 | Killed Frederick
 66462 | Vaults:3 | Found a basalt altar of Yredelemnul.
 66462 | Vaults:3 | Found a staircase to the Crypt.
 66505 | Vaults:3 | Reached XP level 26. HP: 203/214 MP: 0/0
 67244 | Vaults:3 | Noticed Nikola
 67263 | Vaults:3 | Killed Nikola
 68984 | Vaults:5 | Entered Level 5 of the Vaults
 69021 | Vaults:5 | Identified the +7 great sword of the Spider {spect, rF+
                  | Will+ MP+9}
 69379 | Vaults:5 | Noticed a dread lich
 69389 | Vaults:5 | Killed a dread lich
 69390 | Vaults:5 | Reached skill level 15 in Dodging
 69431 | Vaults:5 | Identified Sif Muna's Collected Works on the Glacier and
                  | Transmutation
 69550 | Vaults:5 | Identified the +5 morningstar "Zuecygh" {venom, rElec rF+
                  | rC+}
 69617 | Vaults:5 | Reached XP level 27. HP: 180/215 MP: 0/0
 69617 | Vaults:5 | Learned a level 9 spell: Fire Storm
 69737 | Vaults:5 | Noticed a dread lich
 69834 | Vaults:5 | Identified the +2 ring mail of Zin's Hatred {Fly rElec
                  | Will- Stlth+}
 69843 | Vaults:5 | Identified the amulet of Luub {Faith rPois Will+ Int+2
                  | Stlth-}
 69899 | Vaults:5 | Identified the amulet of Xom's Bemusement {RegenMP rPois
                  | Str+9 Int+2 Stlth-}
 70390 | Vaults:5 | Identified the +12 scimitar of Righteous Fury {spect, rElec
                  | rC+}
 70395 | Vaults:5 | Killed a dread lich
 70488 | Vaults:5 | Cast into level 2 of the Abyss (a deep elf demonologist)
 70704 | Abyss:3  | Paralysed by an air elemental for 1 turns
 71257 | Abyss:3  | Paralysed by accursed screaming for 1 turns
 71623 | Abyss:3  | Gained mutation: You have hidden genetic defects. [a
                  | neqoxec]
 71721 | Abyss:3  | Got an abyssal rune of Zot
 71918 | Abyss:3  | Identified the cursed +2 pair of gloves "Share My Doubts"
                  | {Str+3, Fort, Self} (You found it on level 5 of the Vaults)
 71941 | Abyss:3  | Paralysed by you for 6 turns
 71977 | Vaults:5 | Escaped the Abyss
 72147 | Vaults:5 | Identified the +7 mace of the Dancing Augurer {pain, Str+3
                  | Int+2}
 72147 | Vaults:5 | Identified the +3 plate armour of the Six Visionaries {rN+
                  | Regen+ Str+3}
 72188 | Vaults:5 | Identified the +0 leather armour "Xujih" {Str+3}
 72216 | Vaults:5 | Identified Unaip's Handbook of Fiery Dislocation
 72221 | Vaults:5 | Identified the ring "Vean" {rC- rN+ MP+9 Str+2 Dex+3}
 72398 | Vaults:5 | Gained mutation: You occasionally shout uncontrollably at
                  | your foes. [mutagenic glow]
 72408 | Vaults:5 | Gained mutation: Your spells are a little easier to cast,
                  | but a little less powerful. [mutagenic glow]
 72414 | Vaults:5 | Gained mutation: Your spells are easier to cast, but less
                  | powerful. [hidden defects]
 72520 | Vaults:5 | Got a silver rune of Zot
 72746 | Crypt:1  | Entered Level 1 of the Crypt
 73853 | Crypt:2  | Noticed Boris
 73856 | Crypt:2  | Killed Boris
 74032 | Crypt:2  | Gained mutation: You tend to lose your temper in combat.
                  | [hidden defects]
 74032 | Crypt:2  | Lost mutation: You have hidden genetic defects. [hidden
                  | defects expressed]
 74114 | Crypt:2  | Identified the Volume of the Salmon
 74472 | Crypt:2  | Identified the +1 chain mail of Anautuimm {rC+}
 74831 | Crypt:3  | Entered Level 3 of the Crypt
 74938 | Crypt:3  | Identified the amulet of Fogyssic {Regen+ Str+4 SInv}
 74938 | Crypt:3  | Identified the amulet "Viza Uni" {+Inv Regen+}
 74938 | Crypt:3  | Identified the ring "Onoruratz" {Fly rN+ MP+9}
 75167 | Crypt:3  | Found a staircase to the Tomb.
 75541 | Crypt:3  | Noticed an ancient lich
 75553 | Crypt:3  | Killed an ancient lich
 75673 | Crypt:3  | Identified the Disquisition on Darkness
 75738 | Crypt:3  | Found a basalt altar of Yredelemnul.
 76471 | Slime:1  | Entered Level 1 of the Pits of Slime
 77397 | Slime:1  | Gained mutation: You are weak. (Str -2) [a shining eye]
 78509 | Slime:5  | Entered Level 5 of the Pits of Slime
 78702 | Slime:5  | Identified the +1 leather armour "Jiarharch" {rCorr}
 78703 | Slime:5  | Noticed the Royal Jelly
 78706 | Slime:5  | Found a viscous altar of Jiyva.
 78720 | Slime:5  | Killed the Royal Jelly
 79046 | Slime:5  | Gained mutation: Potions are less effective at restoring
                  | your health. [a shining eye]
 79450 | Slime:5  | Identified the Incunabulum of Snow and Toxins
 79536 | Slime:5  | Identified the Handbook of Cankerous Calling
 79554 | Slime:5  | Got a slimy rune of Zot
 80193 | Pan      | Entered Pandemonium
 80213 | Pan      | Noticed Rucudata the pandemonium lord
 80247 | Pan      | HP: 4/206 [Rucudata the pandemonium lord (21)]
 80249 | Pan      | Annihilated by Rucudata the pandemonium lord

Illustrated notes

Levels and vault maps discovered:
D:1:      lemuel_arrival_lava_pool, layout_rooms,
          shapermc_ecumenical_altar_petra
D:2:      layout_rooms, minmay_quadrilaterals, uniq_terence
D:3:      layout_rooms, mainiacjoe_overflow_six_doors_small
D:4:      layout_loops_ring, temple_statues, gammafunk_ghost_smash,
          serial_shops, nicolae_square_shop, shop, shop,
          nicolae_shop_competitors_out_of_business, nicolae_shop_stone,
          minmay_statues_item
D:5:      layout_rooms, uniq_eustachio, uniq_duvessa
D:6:      layout_loops_corners, jmf_multi_god_temple,
          mainiacjoe_overflow_divided_tiny, general_overflow_altar
D:7:      layout_cave_pools, mainiacjoe_overflow_cross_hatched
D:8:      layout_basic, nicolae_wu_jian_wuxing_cycle, enter_bailey_2
D:9:      layout_basic, grunt_decor_resistance
D:10:     minmay_separated_statues, layout_stronghold,
          mainiacjoe_overflow_tiny_flanked, erik_lair_orcish_takeover,
          gammafunk_ghost_wrathful_warriors, serial_shops, nicolae_diamond_shop
D:11:     layout_basic, gammafunk_ghost_hydra_chop, serial_corexii_hall,
          corexii_hall_statues_l, corexii_hall_statues_i,
          chequers_hall_statues_corner_a, chequers_hall_statues_corner_a
D:12:     layout_loops_ring, orc_0_dummy, grunt_decor_mini_mirrors
D:13:     layout_layer_cave, serial_shops, bzr_entry_safe, doesnt_xom_only_xom
D:14:     layout_rooms, grunt_vaults_entry_fortified,
          infiniplex_staircase_zigzag_4, mumra_transporter_accident,
          minmay_misc_feat_more_columns
D:15:     grunt_enter_depths_snipers, layout_cave_pools, chequers_big_river,
          serial_co_window_serial, co_window_corner_a, co_window_corner_a,
          co_window_of_opportunity_a, co_window_paths_a, co_window_paths_a,
          co_window_paths_a, co_window_of_opportunity_a, co_window_cross_1,
          co_window_cross_1, co_window_of_opportunity_b, co_window_broadway_a,
          co_window_unsneaky_path_b, co_window_broadway_c, co_window_paths_d,
          glass_columns_b, glass_columns_c, enter_trove_5, uniq_josephine
Temple:   cyrus_circular_temple
Lair:1:   layout_cave_shapes, beast_lair_carwin_3
Lair:2:   layout_roguey
Lair:3:   layout_chaotic_city, minmay_swamp_entry_worms, serial_bayou_pond_b,
          chequers_serial_rivers_small_3
Lair:4:   wad_woods_structure_01, layout_hall_layers,
          nicolae_spider_entry_tight_spaces
Lair:5:   layout_loops_ring, grunt_megastairs_2, infiniplex_staircase_pool,
          uniq_kirke
Lair:6:   due_jungle_book, layout_regular_city, slime_altar_1,
          ebering_ghost_inner_flame, lemuel_fruit_tree
Swamp:1:  layout_falls_marsh, evilmike_swamp_ruin_rubble_1
Swamp:2:  layout_basic_swamp, serial_swamp_ruin, evilmike_swamp_ruin_house_5,
          hangedman_swamp_ruin_wall, swamp_pool2, lemuel_altar_in_water
Swamp:3:  layout_basic_swamp, hangedman_swamp_blocks
Swamp:4:  swamp, layout_basic_swamp
Spider:1: layout_spider_delve, portal_ice_cave_entry_pillars_2,
          hangedman_spider_tarantella_strand
Spider:2: nicolae_spider_hall_of_the_moth_king, uniq_agnes
Spider:3: layout_chambers, nicolae_spider_shape, uniq_arachne
Spider:4: spider_rune_water
Slime:1:  layout_caves
Slime:2:  cheibrodos_slime_lost_civilization_10, layout_caves
Slime:3:  layout_caves
Slime:4:  layout_caves
Slime:5
Orc:1:    layout_caves, gammafunk_ghost_berserking_beasts, basic_altar,
          uniq_urug
Orc:2:    st_orc_mages, layout_caves, serial_shops, shop, basic_altar,
          nicolae_orc_pool_cavern
Elf:1:    elf_arrival_002, layout_gridlike, portal_desolation_entry_ruin,
          minmay_elf_demonology
Elf:2:    nicolae_elf_blades_crystal_corner, layout_gridlike, minmay_shop_grove
Elf:3:    grunt_elf_hall_asides, layout_geoelf_diagonals, serial_shops,
          nicolae_shop_statue_plus, nicolae_shop_statue_plus, minmay_shoptagon
Vaults:1: nicolae_vaults_yaktaur_gun_rack, vaults_mumra_bighexcomb,
          vaults_mumra_minichess_inversion, dpeg_vaults_monster_row,
          vaults_room_pool, vaults_dpeg_encased_lava, vaults_mumra_chevron,
          grunt_vaults_diagonal, nicolae_vaults_network_periphery,
          layout_vaults_chaotic_city, serial_shops, shop, uniq_donald
Vaults:2: dpeg_vaults_monster_box, v_misc_26, vaults_room_boxed,
          v_alt_pattern_2, nicolae_vaults_alarming,
          nicolae_vaults_three_branches, layout_vaults_omnigrid, uniq_frederick
Vaults:3: nicolae_vaults_inception_network, nicolae_vaults_network_square,
          minmay_crypt_entry_necro_gods, vaults_mumra_minichess,
          ontoclasm_vaults_ring_large, vaults_room_pool, v_misc_28, v_rooms_3,
          ontoclasm_vaults_ligature, hangedman_vaults_maws,
          vaults_standard_mumra_enter_the_diamond, vaults_dpeg_hooks,
          layout_vaults_big_cross, uniq_nikola
Vaults:4: vaults_room_pool, vaults_room_pool, ontoclasm_vaults_misaligned,
          v_misc_32, vaults_room_semicircle, ontoclasm_vaults_ring_square,
          grunt_vaults_hallway_short, vaults_room_hallway,
          nicolae_vaults_murderbox, v_misc_23, ontoclasm_vaults_twist,
          layout_vaults_ring
Vaults:5
Crypt:1:  layout_gridlike, minivault_23
Crypt:2:  layout_misc_corridors, special_room [special_room_morgue],
          beargit_elvish_explorers, uniq_boris
Crypt:3:  cryptofortress_bobbens
Depths:1: layout_basic, abyss_entry_crystal, pf_dread_powers_of_hell, pan_entry,
          lightli_church_of_beogh
Depths:2: nzn_winding_woodlands_three_and_one
          [nzn_winding_woodlands_5x15_longhouse,
          nzn_winding_woodlands_5x15_twine,
          nzn_winding_woodlands_5x15_sidewinder,
          nzn_winding_woodlands_center_garden], layout_honeycomb,
          grunt_pan_entry_zigzag, grunt_hell_entry_dis_grunt,
          okawaru_gym_becter, serial_shops, shop
Depths:3: minmay_split_circle, layout_basic, enter_ziggurat_f,
          grunt_decor_one_mirror, grunt_hell_entry_demonic_statue,
          abyss_entry_flame_altar, elyvilon_altar_4,
          minmay_staircase_windowed_large, uniq_margery
Depths:4: lemuel_castle_with_subvaults [lemuel_castle_interior_carwin_3],
          layout_gridlike, serial_shops, shop_statue, hell_entry,
          serial_bayou_pond_d, grunt_megastairs_5, serial_bayou_shore_a
Pan:      rand_demon_1, layout_cross

Skill      XL: |  1  2  3  4  5  6  7  8  9 10 11 12 13 14 15 16 17 18 19 20 21 22 23 24 25 26 27 |
---------------+----------------------------------------------------------------------------------+-----
Fighting       | 1 2 3 4 5 7 9 11 12 14 15 16 17 18 19 20 21 | 21.4
Spellcasting   | 3 4 5 6 7 9 10 11 12 13 14 15 16 18 19 20 22 23 | 23.7
Armour         | 1 4 6 7 8 9 |  9.3
Dodging        | 5 7 8 9 10 11 15 20 | 20.1
Long Blades    | 1 5 8 10 11 | 11.9
Shields        | 1 |  1.9
Evocations     | 2 4 |  4.1
Unarmed Combat | 5 8 12 15 18 23 | 23.1
Stealth        | |  1.5

Action                   |  1- 3 |  4- 6 |  7- 9 | 10-12 | 13-15 | 16-18 | 19-21 | 22-24 | 25-27 || total
-------------------------+-------+-------+-------+-------+-------+-------+-------+-------+-------++-------
Melee: Dagger            |       |     4 |       |       |       |       |       |       |       ||     4
       Short sword       |       |     1 |     3 |     5 |    13 |    23 |    16 |    37 |    20 ||   118
       Demon blade       |       |       |       |       |    15 |       |       |       |       ||    15
       Unarmed           |       |       |       |       |       |       |   338 |   866 |  1386 ||  2590
       Punch             |       |       |       |       |       |       |     6 |    47 |   122 ||   175
 Cast: Foxfire           |    57 |   113 |    80 |    42 |    21 |     3 |     1 |     1 |       ||   318
       Scorch            |       |    17 |    59 |    83 |    83 |     9 |    14 |       |     3 ||   268
       Inner Flame       |       |     3 |    23 |    87 |   178 |   104 |    99 |     2 |     8 ||   504
       Flame Wave        |       |     1 |     5 |     8 |     8 |       |       |       |       ||    22
       Gell's Gravitas   |       |       |     4 |    36 |    54 |    63 |    41 |     1 |     2 ||   201
       Static Discharge  |       |       |     2 |       |       |     3 |       |       |       ||     5
       Fireball          |       |       |       |    38 |   157 |   153 |   100 |     9 |    24 ||   481
       Swiftness         |       |       |       |     1 |     2 |       |       |       |       ||     3
       Starburst         |       |       |       |       |    59 |   256 |   215 |    33 |    12 ||   575
       Alistair's Intoxi |       |       |       |       |       |     1 |       |       |       ||     1
       Iron Shot         |       |       |       |       |       |    10 |    20 |     4 |       ||    34
       Storm Form        |       |       |       |       |       |       |    12 |    55 |   105 ||   172
       Disjunction       |       |       |       |       |       |       |       |     1 |     1 ||     2
       Discord           |       |       |       |       |       |       |       |       |     2 ||     2
       Fire Storm        |       |       |       |       |       |       |       |       |    74 ||    74
Invok: Curse Item        |       |       |     2 |     3 |     5 |     2 |     1 |     1 |     4 ||    18
       Shatter the Chain |       |       |       |     1 |     3 |       |     1 |     2 |     2 ||     9
 Abil: End Transformatio |       |       |       |       |       |       |       |       |     4 ||     4
       Blinkbolt         |       |       |       |       |       |       |       |       |     3 ||     3
Evoke: Wand              |       |       |       |       |       |       |       |       |     1 ||     1
       Phantom mirror    |       |       |       |       |       |       |       |       |     1 ||     1
  Use: Scroll            |       |     1 |     5 |     2 |     3 |     4 |     1 |     6 |     1 ||    23
       Potion            |       |       |     2 |       |     2 |     3 |       |     2 |     4 ||    13
 Stab: Sleeping          |       |     1 |       |       |       |       |       |     2 |     3 ||     6
       Distracted        |       |       |       |       |       |       |     2 |     3 |     4 ||     9
       Paralysed         |       |       |       |       |       |       |       |       |     1 ||     1
Armor: Robe              |     5 |     5 |    10 |     5 |       |       |       |       |       ||    25
       Chain mail        |       |       |       |     2 |    19 |       |       |       |       ||    21
       Scale mail        |       |       |       |       |    46 |   106 |    77 |     4 |       ||   233
       Skin              |       |       |       |       |       |       |    57 |   129 |   196 ||   382
       Plate armour      |       |       |       |       |       |       |       |    35 |    28 ||    63
Dodge: Dodged            |     6 |    11 |    54 |    64 |   160 |   214 |   659 |  1042 |  1340 ||  3550
       Repelled          |       |       |       |       |       |       |     8 |    23 |    38 ||    69
Block: Buckler           |       |       |       |       |    12 |    63 |    77 |    12 |     6 ||   170

Table legend: (Time is in decaauts)
 A = Elapsed time spent in this place.
 B = Non-inter-level travel time spent in this place.
 C = Inter-level travel time spent in this place.
 D = Time resting spent in this place.
 E = Time spent auto-exploring this place.
 F = Levels seen in this place.
 G = Mean time per level.
                   A        B        C        D        E       F      G
               +--------+--------+--------+--------+--------+-----+--------+
         Total |  79649 |  71833 |   7816 |  11015 |  46112 |  62 | 1284.7 |
       Dungeon |  22407 |  19096 |   3311 |   2595 |  13814 |  15 | 1493.8 |
        Temple |     48 |     41 |      7 |      0 |     20 |   1 |   48.0 |
          Lair |  15861 |  13988 |   1873 |   4085 |   8056 |   6 | 2643.5 |
         Swamp |   2903 |   2785 |    118 |    294 |   1854 |   4 |  725.8 |
   Spider Nest |   5024 |   4531 |    493 |   1157 |   2312 |   4 | 1256.0 |
    Slime Pits |   3306 |   3100 |    206 |    581 |   2034 |   5 |  661.2 |
  Orcish Mines |   2199 |   1943 |    256 |    308 |   1176 |   2 | 1099.5 |
   Elven Halls |   3723 |   3515 |    208 |    126 |   2472 |   3 | 1241.0 |
        Vaults |   8655 |   8067 |    588 |    212 |   5993 |   5 | 1731.0 |
         Crypt |   3251 |   3081 |    170 |     35 |   2235 |   3 | 1083.7 |
        Depths |   7302 |   6719 |    583 |    827 |   4312 |   4 | 1825.5 |
         Abyss |   2021 |   2021 |      0 |     69 |    461 |   4 |  505.2 |
   Pandemonium |     37 |     37 |      0 |      0 |      0 |   1 |   37.0 |
        Bazaar |    106 |    106 |      0 |      0 |     62 |   1 |  106.0 |
         Trove |     41 |     41 |      0 |      0 |      2 |   1 |   41.0 |
        Bailey |    801 |    801 |      0 |    504 |     88 |   1 |  801.0 |
      Ice Cave |    792 |    792 |      0 |    177 |    406 |   1 |  792.0 |
    Desolation |   1164 |   1164 |      0 |     45 |    815 |   1 | 1164.0 |
               +--------+--------+--------+--------+--------+-----+--------+

Top non-repeatable levels by time:
  Lair:6: 3705 daAuts
  Lair:4: 3542 daAuts
     D:6: 3036 daAuts
  Lair:2: 2892 daAuts
Depths:3: 2557 daAuts
  Lair:3: 2344 daAuts
    D:10: 2071 daAuts
Depths:2: 2063 daAuts
Vaults:5: 2022 daAuts
  Lair:5: 1973 daAuts
 Abyss:3: 1866 daAuts
Vaults:1: 1846 daAuts
Vaults:3: 1828 daAuts
Vaults:2: 1724 daAuts
Spider:3: 1719 daAuts
